Description

boom!

Replay - Bunny v Maru: Game 3 - Curious Minds LE

Build Order

Get SALT Encoding   

  12  0:00  SCV  
  13  0:12  SCV  
  14  0:17  Supply Depot  
  14  0:24  SCV  
  15  0:38  SCV  
  15  0:40  Barracks  
  15  0:42  Refinery  
  16  0:50  SCV  
  16  0:52  Refinery  
  17  1:03  SCV  
  18  1:15  SCV  
  19  1:27  Orbital Command, Reaper  
  19  1:28  Supply Depot  
  20  1:41  Factory  
  20  1:52  SCV  
  21  1:59  Reaper  
  22  2:04  SCV  
  23  2:16  SCV  
  24  2:23  Command Center  
  24  2:27  Factory Tech Lab  
  25  2:33  Barracks Reactor  
  26  2:45  Supply Depot, Cyclone  
  30  3:01  Starport  
  30  3:08  Marine x2  
  33  3:19  Cyclone  
  37  3:26  Marine x2  
  39  3:35  Orbital Command, Refinery  
  39  3:41  Starport Tech Lab  
  40  3:44  Marine x2  
  43  3:55  Siege Tank  
  44  4:00  Viking  
  47  4:05  Marine x2  
  50  4:14  Supply Depot  
  50  4:23  Marine x2  
  54  4:36  Raven  
  51  4:41  Siege Tank  
  57  4:48  Supply Depot  
  57  4:49  Refinery  
  62  5:13  Siege Tank  
  66  5:16  Starport  
  66  5:27  Viking x2  
  75  5:45  Siege Tank  
  78  5:54  Viking x2  
  80  6:04  Liberator  
  88  6:23  Viking  
  88  6:25  Siege Tank  
  90  6:33  Viking  
  92  6:47  Viking  
  92  6:53  Viking  
  90  6:57  Siege Tank  
  85  7:06  Viking  
  90  7:30  Command Center  
  92  7:37  Siege Tank  
  100  7:58  Barracks x2  
  100  7:59  Stimpack  
  102  8:12  Siege Tank  
  110  8:32  Command Center  
  106  8:44  Siege Tank  
  79  8:58  Barracks x2  
  79  9:01  Barracks Reactor x2  
  82  9:18  Siege Tank  
  82  9:22  Engineering Bay x2  
  93  9:44  Orbital Command  
Spawning Tool Build Advisor. Get it on Overwolf

Go to:

Details

  • Created by: charles5
  • Published on: Feb 03, 2022
  • Modified on: Feb 03, 2022
  • Patch: 4.11.0
  • Difficulty: Medium
Show
View Real Time Build Order
Export as new Build Order

Comments (0)

There are no comments. Be the first!

Create an account to comment!